 Dungeon Crawl Stone Soup version 0.20.1-1-g8b1a95d (webtiles) character file.

574 tmwrnj the Chopper (level 7, -1/60 HPs)
             Began as a Hill Orc Fighter on Oct 14, 2017.
             Slain by a sky beast (5 damage)
             ... on level 4 of the Dungeon.
             The game lasted 00:07:25 (3252 turns).

tmwrnj the Chopper (Hill Orc Fighter)               Turns: 3252, Time: 00:07:26

Health: -1/60      AC: 13    Str: 19    XL:     7   Next: 35%
Magic:  7/7        EV:  5    Int:  8    God:
Gold:   300        SH: 10    Dex: 12    Spells: 6/6 levels left

rFire    . . .     SeeInvis .   a - +0 war axe
rCold    . . .     Gourm    .   c - +0 shield
rNeg     . . .     Faith    .   m - +0 chain mail
rPois    .         Spirit   .   F - +0 helmet
rElec    .         Reflect  .   z - +0 cloak
rCorr    .         Harm     .   A - +0 pair of gloves
MR       .....                  (no boots)
Stlth    ..........             (no amulet)
Regen    0.2/turn               (no ring)
MPRegen  0.1/turn               (no ring)

@: no status effects
A: no striking features
a: no special abilities


You were on level 4 of the Dungeon.
You were not hungry.

You visited 1 branch of the dungeon, and saw 5 of its levels.
You also visited: Sewer.

You collected 300 gold pieces.

Inventory:

Hand Weapons
 a - a +0 war axe (weapon)
Armour
 b - a +0 scale mail
 c - a +0 shield (worn)
 l - a cursed +0 ring mail
 m - a +0 chain mail (worn)
 z - a +0 cloak (worn)
 A - a +0 pair of gloves (worn)
 F - a +0 helmet (worn)
 G - a +0 pair of gloves
Jewellery
 e - an uncursed amulet of regeneration {unknown}
 k - an uncursed ring of positive energy {unknown}
 B - an uncursed ring of positive energy {unknown}
 D - an uncursed ring of poison resistance {unknown}
Scrolls
 i - 2 scrolls of amnesia {unknown}
 n - a scroll of immolation {unknown}
 o - 4 scrolls of teleportation {unknown}
 q - 3 scrolls of remove curse {unknown}
 t - a scroll of recharging {unknown}
 u - a scroll of enchant weapon {unknown}
 x - a scroll of magic mapping {unknown}
 y - 3 scrolls of identify {unknown}
 C - a scroll of fear {unknown}
 E - a scroll of enchant armour {unknown}
 H - a scroll of blinking {unknown}
Potions
 d - 2 potions of might
 g - 5 potions of curing {unknown}
 h - 3 potions of resistance {unknown}
 j - 2 potions of mutation {unknown}
 r - 5 potions of heal wounds {unknown}
 v - a potion of ambrosia {unknown}
 w - 4 potions of flight {unknown}
 I - 2 potions of magic {unknown}
Comestibles
 f - 7 bread rations
 p - 3 royal jellies
 s - 9 fruits


   Skills:
 + Level 4.9 Fighting
 + Level 7.1 Axes
 + Level 4.6 Armour
 + Level 0.5 Dodging
 + Level 5.2 Shields


You had 6 spell levels left.
You didn't know any spells.

Dungeon Overview and Level Annotations

Branches:
Dungeon (5/15)
 Temple: D:4-7

Altars:
Fedhas
Hepliaklqana
Okawaru
Qazlal
Ru
Sif Muna
The Shining One

Shops:
D:5 =

Annotations:
D:4 Shutra's ghost, amateur DsGl


Message History

You miss the sky beast.
The sky beast is almost dead.
The sky beast hits you. The sky beast shocks you.
* * * LOW HITPOINT WARNING * * *
You block the sky beast's attack.
You barely miss the sky beast.
The sky beast is almost dead.
The sky beast hits you but does no damage.
You closely miss the sky beast.
The sky beast is almost dead.
The sky beast hits you.
* * * LOW HITPOINT WARNING * * *
The sky beast shocks you.
* * * LOW HITPOINT WARNING * * *
You closely miss the sky beast.
The sky beast is almost dead.
You block the sky beast's attack. The sky beast hits you.
* * * LOW HITPOINT WARNING * * *
The sky beast shocks you.
You die...

# ######## # ## #......# ..
...##..@...### ... #
#)....Y.....#.... ##
####......#......
.#############..†..........
....................###...
....................#
#...!........####.#.##
##..............#.#..###
##$.........##........########


You could see a sky beast.

Vanquished Creatures
  A sky beast (D:4)
  An ice beast (D:5)
  A phantom (D:5)
  A big kobold (Sewer)
  2 jellies (D:5)
  An orc wizard (D:5)
  A centaur skeleton (D:4)
  4 adders
  An ooze (D:5)
  An adder skeleton (D:5)
  3 worms
  A dart slug (D:2)
  3 leopard geckos
  5 orcs
  3 bats
  3 giant cockroaches
  4 goblins (D:1)
  3 hobgoblins
  A jackal (Sewer)
  9 kobolds
  2 quokkas
  3 ball pythons
  5 frilled lizards
  7 rats
66 creatures vanquished.

Notes
Turn   | Place    | Note
-------+----------+-------------------------------------------
     0 | D:1      | tmwrnj the Hill Orc Fighter began the quest for the Orb.
     0 | D:1      | Reached XP level 1. HP: 19/19 MP: 1/1
   354 | D:1      | Reached XP level 2. HP: 27/27 MP: 2/2
   641 | D:2      | Reached skill level 3 in Axes
   765 | D:2      | Reached XP level 3. HP: 33/33 MP: 3/3
  1126 | D:2      | Reached XP level 4. HP: 40/40 MP: 4/4
  1197 | D:2      | Found a stormy altar of Qazlal.
  1583 | D:3      | Found an iron altar of Okawaru.
  1592 | D:3      | Reached skill level 4 in Axes
  1766 | D:3      | Found a faded altar of an unknown god.
  2115 | D:4      | Reached XP level 5. HP: 46/46 MP: 5/5
  2135 | D:4      | Noticed Shutra's ghost (amateur DsGl)
  2328 | D:4      | Noticed an ogre
  2378 | D:5      | Entered Level 5 of the Dungeon
  2446 | D:5      | Noticed a phantom
  2454 | D:5      | Killed a phantom
  2454 | D:5      | Reached skill level 5 in Axes
  2461 | D:5      | Found a hazy altar of Hepliaklqana.
  2466 | D:5      | Found a blossoming altar of Fedhas.
  2468 | D:5      | Found a deep blue altar of Sif Muna.
  2469 | D:5      | Found a glowing golden altar of the Shining One.
  2472 | D:5      | Found a sacrificial altar of Ru.
  2491 | D:5      | Found a glowing drain.
  2502 | D:5      | Reached XP level 6. HP: 32/53 MP: 6/6
  2530 | Sewer    | Entered a sewer
  2666 | Sewer    | Reached skill level 6 in Axes
  2711 | Sewer    | Found a white marble altar of Elyvilon.
  2940 | D:5      | Found Bodghyen's Jewellery Shop.
  2982 | D:5      | Noticed a sky beast
  3004 | D:5      | Noticed an ice beast
  3007 | D:5      | Noticed a sky beast
  3018 | D:5      | Killed an ice beast
  3018 | D:5      | Reached skill level 5 in Shields
  3018 | D:5      | Reached XP level 7. HP: 21/60 MP: 7/7
  3217 | D:4      | Reached skill level 7 in Axes
  3252 | D:4      | Slain by a sky beast

Skill      XL: |  1  2  3  4  5  6  7 |
---------------+----------------------+-----
Axes           | 3 4 5 6 7 |  7.1
Fighting       | 4 |  4.9
Shields        | 4 5 |  5.2
Armour         | 4 |  4.6
Dodging        | |  0.5

Action                   |  1- 3 |  4- 6 |  7- 9 || total
-------------------------+-------+-------+-------++-------
Melee: War axe           |    75 |   139 |    35 ||   249
  Eat: Chunk             |     1 |     5 |       ||     6
       Fruit             |       |       |     2 ||     2
Armor: Scale mail        |     7 |       |       ||     7
       Chain mail        |    54 |    97 |    37 ||   188
Dodge: Dodged            |    22 |    31 |     1 ||    54
Block: Shield            |    40 |    82 |    12 ||   134
